 Dungeon Crawl Stone Soup version 0.27.1-15-g792fb953b9 (webtiles) character file.

Game seed: 6474391241665922012

25 spaced the Caller (level 2, -2/11 HPs)
             Began as a Felid Summoner on Nov 20, 2021.
             Slain by a kobold (3 damage)
             ... on level 2 of the Dungeon.
             The game lasted 00:06:40 (1497 turns).

spaced the Caller (Felid Summoner)                  Turns: 1497, Time: 00:06:41

Health: -2/11      AC:  1    Str:  4    XL:     2   Next: 82%
Magic:  5/6        EV: 17    Int: 16    God:
Gold:   65         SH:  0    Dex: 16    Spells: 4/5 levels left
                                        Lives:  0   Deaths: 0

rFire    . . .     SeeInvis +   (weapon unavailable)
rCold    . . .     Faith    .   (shield unavailable)
rNeg     . . .     Spirit   .   (armour unavailable)
rPois    .         Reflect  .   (helmet unavailable)
rElec    .         Harm     .   (cloak unavailable)
rCorr    .         Rampage  .   (gloves unavailable)
Will     .....                  (boots unavailable)
Stlth    ++........             (no amulet)
HPRegen  0.03/turn              (no ring)
MPRegen  0.10/turn              (no ring)

@: quick
A: very small, claws 1, fangs 3, see invisible, speed 1, shaggy fur 1, stealthy
paws, no weapons or thrown items, no armour, multi-lived
a: no special abilities


You were on level 2 of the Dungeon.
You visited 1 branch of the dungeon, and saw 2 of its levels.

You collected 65 gold pieces.

Inventory:

Scrolls
 c - a scroll of enchant weapon {unknown}
Potions
 a - a potion of haste {unknown}
 b - a potion of curing {unknown}


   Skills:
 + Level 3.0 Dodging
 + Level 3.1 Stealth
 + Level 0.3 Unarmed Combat
 + Level 2.1 Spellcasting
 + Level 4.4 Summonings


You had 4 spell levels left.
You knew the following spells:

 Your Spells              Type           Power      Damage    Failure   Level
a - Summon Small Mammal   Summ           64%        N/A       3%          1

Your spell library contained the following spells:

 Spells                   Type           Power      Damage    Failure   Level
 Call Imp                 Summ           16%        N/A       4%          2
 Call Canine Familiar     Summ           16%        N/A       10%         3
 Summon Guardian Golem    Hex/Summ       8%         N/A       24%         3
 Ignite Poison            Fire/Tmut/Pois 1%         N/A       52%         3
 Mephitic Cloud           Conj/Pois/Air  1%         N/A       52%         3
 Summon Lightning Spire   Summ/Air       8%         N/A       63%         4
 Bolt of Magma            Conj/Fire/Erth 0%         4d4       99%         5


Dungeon Overview and Level Annotations

Branches:
Dungeon (2/15)

Altars:


Innate Abilities, Weirdness & Mutations

You have sharp claws.
You have razor-sharp teeth.
You have supernaturally acute eyesight. (SInv)
You cover ground quickly. (Speed+)
You are covered in fur. (AC +1)
Your paws help you pounce on unaware monsters.
You are incapable of wielding weapons or throwing items.
You cannot wear armour.
You gain extra lives every three experience levels.


Message History

The giant cockroach is severely wounded.
The bat completely misses you. The giant cockroach barely misses you.
You scratch the giant cockroach but do no damage.
The giant cockroach is severely wounded.
The bat hits you. x2
* * * LOW HITPOINT WARNING * * *
The giant cockroach misses you. The bat closely misses you.
The giant cockroach closely misses you. The bat completely misses you.
The kobold shouts!
The kobold hits you with a +0 dagger.
* * * LOW HITPOINT WARNING * * *
A frilled lizard comes into view.
The kobold closely misses you.
Casting: Summon Small Mammal (safe; 3% risk of failure)
Confirm with . or Enter, or press ? or * to list all spells.
Your bat barely misses the kobold.
Your bat hits the kobold but does no damage.
The kobold hits your bat with a +0 dagger.
Your bat hits the kobold.
Your bat closely misses the kobold.
Your bat barely misses the kobold.
Your bat hits the kobold but does no damage.
Your bat barely misses the goblin.
You scratch the ball python.
The ball python is moderately wounded.
Your bat barely misses the goblin.
The bat hits your bat.
Your bat completely misses the bat.
The bat hits your bat.
Your bat dies!
Your bat's corpse disappears in a puff of smoke!
The ball python closely misses you. The ball python grabs you.
The ball python constricts you.
* * * LOW HITPOINT WARNING * * *
The kobold closely misses you. The ball python barely misses you.
The ball python constricts you.
* * * LOW HITPOINT WARNING * * *
Unknown command.
You scratch the ball python.
You kill the ball python!
The kobold hits you with a +0 dagger.
You die...

#.##..#######S...........
#.###.......K).###.#...##
#.# #.#######.........##
#.# #.# ######.#### # #.#
#.# #.# ##. #.###.####
#.# ##...#........#
#.###### ......Bg#####†#
#....... #....##.# #@#
######## #.#.....# #K# #
#####.# #g# #...#####b#
......#..g..B.#
###############


You could see a giant cockroach, a goblin, a bat and a kobold.

Vanquished Creatures
  A dart slug (D:1)
  A bat (D:1)
  3 endoplasms
  A giant cockroach (D:1)
  A hobgoblin (D:1)
  A quokka (D:1)
  2 ball pythons
  3 frilled lizards (D:1)
  A goblin (D:1)
  2 kobolds
  2 rats (D:2)
18 creatures vanquished.

Vanquished Creatures (collateral kills)
  An endoplasm (D:1)
  A quokka (D:1)
  2 bats (D:1)
  A kobold (D:1)
  A rat (D:1)
6 creatures vanquished.

Grand Total: 24 creatures vanquished

Notes
Turn   | Place    | Note
-------+----------+-------------------------------------------
     0 | D:1      | spaced the Felid Summoner began the quest for the Orb.
     0 | D:1      | Reached XP level 1. HP: 7/7 MP: 4/4
   606 | D:1      | Reached XP level 2. HP: 10/11 MP: 6/6
  1497 | D:2      | Slain by a kobold

Illustrated notes

Levels and vault maps discovered:
D:1:      dpeg_arrival_rooms_a, layout_loops_ring
D:2:      layout_loops_ring

Skill      XL: |  1  2 |
---------------+-------+-----
Dodging        | 3 |  3.0
Stealth        | 3 |  3.1
Unarmed Combat | |  0.3
Spellcasting   | |  2.1
Summonings     | |  4.4

Action                   || total
-------------------------++-------
Melee: Unarmed           ||    58
       Bite              ||     3
 Cast: Summon Small Mamm ||    12
 Stab: Sleeping          ||     8
Armor: Skin              ||     3
Dodge: Dodged            ||    61
